 Dungeon Crawl Stone Soup version 0.28.0-43-g3370ac3207 (webtiles) character file.

Game seed: 3353591559009827813

301 cbfl8 the Sneak (level 6, -3/53 HPs)
             Began as a Minotaur Delver on Mar 8, 2022.
             Slain by a gnoll
             ... wielding a +0 club
              (6 damage)
             ... on level 5 of the Dungeon.
             The game lasted 00:02:42 (972 turns).

cbfl8 the Sneak (Minotaur Delver)                    Turns: 972, Time: 00:02:43

Health: -3/53      AC:  4    Str: 17    XL:     6   Next: 14%
Magic:  5/5        EV: 12    Int:  7    God:
Gold:   26         SH:  0    Dex: 13    Spells: 5/5 levels left

rFire   . . .      SeeInvis .   h - +0 flail
rCold   . . .      Faith    .   (no shield)
rNeg    . . .      Spirit   .   b - +0 leather armour
rPois   .          Reflect  .   (helmet restricted)
rElec   .          Harm     .   (no cloak)
rCorr   .          Rampage  .   (no gloves)
Will    .....                   f - +0 pair of boots
Stlth   +++.......              (no amulet)
HPRegen 0.17/turn               (no ring)
MPRegen 0.09/turn               (no ring)

@: no status effects
A: horns 2, retaliatory headbutt
a: no special abilities


You were on level 5 of the Dungeon.
You visited 1 branch of the dungeon, and saw 2 of its levels.

You collected 26 gold pieces.

Inventory:

Hand Weapons
 a - a +0 hand axe
 h - a +0 flail (weapon)
Armour
 b - a +0 leather armour (worn)
 f - a +0 pair of boots (worn)
Wands
 g - a wand of digging (3)
Scrolls
 c - a scroll of fog
 d - a scroll of magic mapping
 e - a scroll of fear


   Skills:
 + Level 4.7 Fighting
 + Level 3.0(3.1) Axes
 + Level 1.1(2.2) Maces & Flails
 + Level 1.2 Armour
 + Level 2.8 Dodging
 + Level 6.0 Stealth


You had 5 spell levels left.
You didn't know any spells.
Your spell library was empty.

Dungeon Overview and Level Annotations

Branches:
Dungeon (5/15)
 Temple: D:4-7

Altars:

Annotations:
D:4 Grinder


Innate Abilities, Weirdness & Mutations

You have a pair of horns on your head.
You reflexively headbutt those who attack you in melee.


Message History

The adder skeleton is almost destroyed.
The adder skeleton bites you but does no damage.
The adder skeleton closely misses you.
You hit the adder skeleton.
You destroy the adder skeleton!
Unknown command.
You see here a +0 club.
An orc is nearby!
A gnoll shaman comes into view. It is wielding a +0 whip.
A gnoll comes into view. It is wielding a +0 club.
The gnoll shouts! x2; You hear a shout!
A gnoll comes into view. It is wielding a +0 spear.
The gnoll hits you with a +0 flail!
You closely miss the gnoll shaman.
The gnoll hits you from afar with a +0 spear.
The gnoll shaman calls upon its god to speed up something.
The gnoll hits you with a +0 flail!
You barely miss the gnoll shaman.
The gnoll hits you from afar with a +0 spear.
The gnoll hits you with a +0 club.
The gnoll shaman hits you with a +0 whip.
* * * LOW HITPOINT WARNING * * *
The gnoll barely misses you.
You hit the gnoll shaman but do no damage.
Your headbutt misses the gnoll shaman. The gnoll closely misses you.
The gnoll misses you. The gnoll shaman barely misses you.
The gnoll closely misses you. You furiously retaliate!
You headbutt the gnoll! The gnoll hits you with a +0 club.
* * * LOW HITPOINT WARNING * * *
The gnoll hits you from afar with a +0 spear.
* * * LOW HITPOINT WARNING * * *
You barely miss the gnoll shaman.
You headbutt the gnoll shaman, but do no damage.
The gnoll hits you with a +0 club.
* * * LOW HITPOINT WARNING * * *
The gnoll shaman hits you with a +0 whip.
* * * LOW HITPOINT WARNING * * *
The gnoll closely misses you. You furiously retaliate!
You headbutt the gnoll. The gnoll hits you with a +0 club.
You die...

# .#.....
#...... ......
### . .......
..# ..# ..)#...
## # #.## #.#
......g .##.#
....##.#
#:....g#g..##.#
.......##
##@g......
........##
###..#####.(
..#
#....####...##
..#
#..#......###
..###......####
.......#..##
..###.##.## ..#
#.##.# .##
#.##.#


You could see a gnoll shaman and 3 gnolls.

Vanquished Creatures
  A sky beast (D:5)
  A centaur (D:5)
  A bullfrog zombie (D:5)
  A hound (D:5)
  An iguana (D:5)
  A hound skeleton (D:5)
  2 gnolls (D:5)
  An ufetubus (D:5)
  An adder skeleton (D:5)
10 creatures vanquished.

Notes
Turn   | Place    | Note
-------+----------+-------------------------------------------
     0 | D:5      | cbfl8 the Minotaur Delver began the quest for the Orb.
     0 | D:5      | Reached XP level 1. HP: 19/19 MP: 0/0
    38 | D:4      | Noticed Grinder
    81 | D:5      | Noticed a centaur
    87 | D:5      | Killed a centaur
    88 | D:5      | Reached skill level 5 in Stealth
    88 | D:5      | Reached XP level 2. HP: 26/27 MP: 1/1
    88 | D:5      | Reached XP level 3. HP: 31/33 MP: 2/2
    88 | D:5      | Reached XP level 4. HP: 38/40 MP: 3/3
   258 | D:5      | Noticed a sky beast
   271 | D:5      | Killed a sky beast
   272 | D:5      | Reached XP level 5. HP: 40/47 MP: 4/4
   739 | D:5      | Reached skill level 6 in Stealth
   925 | D:5      | Reached skill level 1 in Maces & Flails
   925 | D:5      | Reached skill level 1 in Armour
   925 | D:5      | Reached XP level 6. HP: 48/53 MP: 5/5
   972 | D:5      | Slain by a gnoll

Illustrated notes

Levels and vault maps discovered:
D:4:      layout_rooms, nicolae_sif_muna_condensation,
          minmay_temple_entry_trees, nrook_campfire, uniq_menkaure, uniq_edmund,
          uniq_blork_the_orc, uniq_grinder
D:5:      layout_loops_ring, minmay_manual_moon, uniq_sigmund

Skill      XL: |  1  2  3  4  5 |
---------------+----------------+-----
Fighting       | 4 |  4.7
Stealth        | 5 6 |  6.0
Axes           | 3 |  3.0
Maces & Flails | 1 |  1.1
Armour         | 1 |  1.2
Dodging        | |  2.8

Action                   |  1- 3 |  4- 6 || total
-------------------------+-------+-------++-------
Melee: Headbutt          |     1 |    14 ||    15
       Hand axe          |     1 |       ||     1
       Flail             |       |    45 ||    45
  Use: Potion            |       |     1 ||     1
 Stab: Distracted        |       |     1 ||     1
Armor: Leather armour    |     1 |    13 ||    14
Dodge: Dodged            |     5 |    45 ||    50
